[Event "42nd Olympiad Baku 2016 Women"]
[Site "Baku"]
[Date "2016.09.05"]
[Round "4.6"]
[White "Maisuradze, Nino"]
[Black "Muzychuk, Mariya"]
[Result "0-1"]
[ECO "A55"]
[WhiteElo "2256"]
[BlackElo "2539"]
[Annotator ""]
[PlyCount "112"]
[EventDate "2016.??.??"]
[EventCountry "AZE"]
[SourceTitle "playchess.com"]
[Source "ChessBase"]
[WhiteTeam "France"]
[BlackTeam "Ukraine"]
[WhiteTeamCountry "FRA"]
[BlackTeamCountry "UKR"]
[TimeControl "40/5400+30:1800+30"]

1. d4 {(00:00)} Nf6 {(00:00)} 2. c4 {(00:00)} d6 {(
00:28)} 3. Nf3 {(01:45)} Nbd7 {(00:20)} 4. Nc3 {(01:54)}
e5 {(00:10)} 5. e4 {(00:27)} exd4 {(02:36)} 6. Nxd4 {
(00:06)} g6 {(00:04)} 7. Be2 {(01:14)} Bg7 {(00:08]
} 8. O-O {(00:07)} O-O {(00:04)} 9. Be3 {(04:14)} Nc5 {
(07:40)} 10. f3 {(05:02)} a5 {(01:55)} 11. Qd2 {(
03:58)} Re8 {(10:09)} 12. b3 {(02:13)} c6 {(09:59)} 13.
Rad1 {(01:51)} Qe7 {(00:27)} 14. Nc2 {(01:33)} Nfd7 {
(01:52)} 15. Bd4 {(04:47)} Be5 {(04:51)} 16. Bd3 {(
40:42)} Nxd3 {(08:56)} 17. Qxd3 {(00:03)} Nc5 {(00:18)}
18. Qd2 {(08:07)} f5 {(02:57)} 19. exf5 {(14:19)} Bxf5 {
(00:28)} 20. Bxe5 {(00:20)} Qxe5 {(01:21)} 21. Rfe1 {
(02:13)} Qf6 {(02:06)} 22. Ne3 {(00:23)} Qg5 {(05:
03)} 23. Nxf5 {(02:47)} Rxe1+ {(01:42)} 24. Qxe1 {(00:01)}
Qxf5 {(00:05)} 25. Rxd6 {(03:15)} Kf7 {(17:43)} 26. Qd2 {
(00:57)} Re8 {(00:56)} 27. Rd4 {(00:19)} Qe5 {(02:
04)} 28. Qf4+ {(00:42)} Qxf4 {(00:32)} 29. Rxf4+ {(00:01)}
Kg7 {(00:04)} 30. Ne4 {(01:06)} Nd3 {(01:48)} 31. Rg4 {
(00:15)} Nc1 {(02:09)} 32. Kf2 {(00:42)} Rd8 {(07:
30)} 33. Nc5 {(00:31)} Rd2+ {(00:50)} 34. Ke3 {(00:21)}
Rxa2 {(02:17)} 35. Nxb7 {(00:29)} Nxb3 {(01:06)} 36. Kd3 {
(00:40)} a4 {(01:34)} 37. c5 {(00:29)} a3 {(01:54)}
38. Ra4 {(00:13)} Nc1+ {(03:31)} 39. Kc3 {(00:04)} Ne2+ {
(01:18)} 40. Kd3 {(00:00)} Nc1+ {(00:00)} 41. Kc3 {
(01:52)} Ne2+ {(13:43)} 42. Kd3 {(06:45)} Rb2 {(00:
22)} 43. Na5 {(01:55)} a2 {(01:03)} 44. Nb3 {(18:57)}
Rxb3+ {(00:42)} 45. Kxe2 {(00:06)} Rb2+ {(00:02)} 46. Ke3
{(00:33)} Rxg2 {(00:04)} 47. h4 {(00:07)} Kf6 {(01:
11)} 48. Ke4 {(01:59)} Re2+ {(00:50)} 49. Kf4 {(01:13)}
Ke6 {(00:25)} 50. Kg5 {(00:42)} Rh2 {(00:31)} 51. f4 {
(01:06)} Kd5 {(00:15)} 52. Ra5 {(00:51)} Kc4 {(00:
12)} 53. f5 {(01:01)} gxf5 {(00:08)} 54. Kxf5 {(01:07)}
Kb3 {(00:09)} 55. Ra6 {(00:28)} Rxh4 {(00:07)} 56. Ke6 {
(00:26)} Ra4 {(00:12)} 0-1

[Event "42nd Olympiad Baku 2016 Women"]
[Site "Baku"]
[Date "2016.09.05"]
[Round "4.13"]
[White "Mamedjarova, Zeinab"]
[Black "Peptan, Corina-Isabela"]
[Result "1-0"]
[ECO "A46"]
[WhiteElo "2295"]
[BlackElo "2394"]
[Annotator ""]
[PlyCount "77"]
[EventDate "2016.??.??"]
[EventCountry "AZE"]
[SourceTitle "playchess.com"]
[Source "ChessBase"]
[WhiteTeam "Azerbaijan"]
[BlackTeam "Romania"]
[WhiteTeamCountry "AZE"]
[BlackTeamCountry "ROU"]
[TimeControl "40/5400+30:1800+30"]

1. d4 {(00:00)} e6 {(00:00)} 2. Nf3 {(00:00)} Nf6 {
(00:00)} 3. e3 {(00:00)} b6 {(00:20)} 4. Bd3 {(00:
19)} Bb7 {(00:11)} 5. Nbd2 {(01:14)} c5 {(06:04)} 6. O-O {
(00:34)} Nc6 {(00:49)} 7. a3 {(13:48)} Be7 {(08:27]
} 8. Qe2 {(02:25)} a6 {(01:36)} 9. c3 {(03:22)} d5 {
(09:37)} 10. dxc5 bxc5 11. e4 {(12:11)} O-O {(05:53)} 12.
e5 {(04:58)} Nd7 {(00:14)} 13. Re1 {(00:29)} Re8 {(
15:40)} 14. Nf1 {(03:27)} f6 {(07:33)} 15. exf6 {(02:17)}
Bxf6 {(00:01)} 16. Qc2 {(13:09)} Nf8 {(01:43)} 17. Ng3 {
(05:34)} e5 {(15:23)} 18. Bf1 {(20:43)} e4 {(01:40]
} 19. Nd2 {(02:11)} Qc7 {(07:20)} 20. c4 {(01:41)} Nd4 {
(00:02)} 21. Qd1 {(00:11)} Be5 {(10:42)} 22. cxd5 {
(00:08)} Bxd5 {(02:12)} 23. Ndxe4 {(05:54)} Bb3 {(
00:08)} 24. Qg4 {(03:37)} Nc2 {(00:51)} 25. Ng5 {(01:17)}
c4 {(01:14)} 26. Rxe5 {(02:35)} Rxe5 {(00:14)} 27. Rb1 {
(00:34)} h6 {(03:16)} 28. Nf3 {(00:12)} Re6 {(00:
09)} 29. Nf5 {(00:39)} Kh8 {(00:57)} 30. Bd2 {(00:12)} Rg6
{(01:05)} 31. Qh5 {(01:11)} Qf7 {(00:55)} 32. Qh3 {
(00:28)} Kg8 {(00:55)} 33. Ne5 {(00:14)} Qc7 {(00:
36)} 34. Nxg6 {(00:19)} Nxg6 {(00:01)} 35. Bc3 {(01:00)}
Rf8 {(00:52)} 36. Nxg7 {(00:19)} Qf4 {(00:42)} 37. Qg3 {
(00:37)} Kh7 {(00:34)} 38. Ne6 {(00:09)} Qxg3 {(00:
19)} 39. Nxf8+ {(00:05)} 1-0

[Event "42nd Olympiad Baku 2016 Women"]
[Site "Baku"]
[Date "2016.09.05"]
[Round "4.15"]
[White "Mammadova, Gulnar"]
[Black "Cosma, Elena-Luminita"]
[Result "1/2-1/2"]
[ECO "C14"]
[WhiteElo "2304"]
[BlackElo "2331"]
[Annotator ""]
[PlyCount "67"]
[EventDate "2016.??.??"]
[EventCountry "AZE"]
[SourceTitle "playchess.com"]
[Source "ChessBase"]
[WhiteTeam "Azerbaijan"]
[BlackTeam "Romania"]
[WhiteTeamCountry "AZE"]
[BlackTeamCountry "ROU"]
[TimeControl "40/5400+30:1800+30"]

1. e4 {(00:00)} e6 {(00:00)} 2. d4 {(00:00)} d5 {(
00:00)} 3. Nc3 {(00:00)} Nf6 {(00:00)} 4. Bg5 {(00:00)}
Be7 {(00:00)} 5. e5 {(00:08)} Nfd7 {(00:01)} 6. Bxe7 {
(00:08)} Qxe7 {(00:07)} 7. f4 {(00:10)} O-O {(00:
17)} 8. Nf3 {(00:17)} c5 {(00:10)} 9. Qd2 {(00:14)} Nc6 {
(00:20)} 10. dxc5 {(00:40)} a6 {(00:35)} 11. Bd3 {(
03:01)} f6 {(00:59)} 12. exf6 {(03:46)} Qxf6 {(00:09)} 13.
O-O {(06:07)} Nxc5 {(00:24)} 14. Ne5 {(00:18)} Nxe5 {
(09:16)} 15. fxe5 {(00:14)} Qe7 {(00:05)} 16. Rxf8+ {
(00:03)} Qxf8 {(00:06)} 17. Rf1 {(00:03)} Qe7 {(00:
48)} 18. Qe3 {(03:02)} Nxd3 {(06:30)} 19. cxd3 {(00:46)}
Bd7 {(00:06)} 20. Ne2 {(00:17)} Rf8 {(04:09)} 21. Rc1 {
(00:11)} Be8 {(22:34)} 22. Nd4 {(06:44)} Bg6 {(02:
27)} 23. a3 h6 24. h3 {(05:32)} Kh7 {(05:44)} 25. Kh2 {(
02:29)} Qf7 {(04:39)} 26. b4 {(04:54)} Kg8 {(04:44)} 27.
Kg1 {(02:49)} Kh7 {(01:57)} 28. a4 {(02:07)} Qd7 {(
06:38)} 29. a5 {(04:53)} Qf7 {(07:43)} 30. Qd2 {(19:15)}
Qe7 {(03:52)} 31. Rf1 {(09:20)} Rxf1+ {(02:15)} 32. Kxf1 {
(00:02)} Qc7 {(01:34)} 33. Nxe6 {(03:25)} Qe7 {(05:
23)} 34. Nf4 {(07:41)} 1/2-1/2

[Event "42nd Olympiad Baku 2016 Women"]
[Site "Baku"]
[Date "2016.09.05"]
[Round "4.29"]
[White "Mammadova, Narmin"]
[Black "Terao, Juliana Sayumi"]
[Result "1/2-1/2"]
[ECO "B40"]
[WhiteElo "2230"]
[BlackElo "2268"]
[Annotator ""]
[PlyCount "88"]
[EventDate "2016.??.??"]
[EventCountry "AZE"]
[SourceTitle "playchess.com"]
[Source "ChessBase"]
[WhiteTeam "Azerbaijan"]
[BlackTeam "Brazil"]
[WhiteTeamCountry "AZE"]
[BlackTeamCountry "BRA"]
[TimeControl "40/5400+30:1800+30"]

1. e4 {(00:00)} c5 {(00:00)} 2. Nf3 {(00:00)} e6 {(
00:12)} 3. c3 {(00:05)} d5 {(01:01)} 4. exd5 {(00:10)}
Qxd5 {(00:06)} 5. d4 {(00:05)} Nf6 {(00:27)} 6. Bd3 {
(00:22)} Nc6 {(01:06)} 7. O-O {(00:19)} cxd4 {(00:
29)} 8. cxd4 {(00:04)} Be7 {(00:18)} 9. Nc3 {(00:09)} Qd6
{(01:05)} 10. Bg5 {(00:21)} O-O {(01:16)} 11. Rc1 {
(00:22)} g6 {(21:45)} 12. Bxf6 {(13:45)} Bxf6 {(00:
06)} 13. Ne4 {(00:17)} Qd8 {(00:46)} 14. Nxf6+ {(00:43)}
Qxf6 {(00:06)} 15. Be4 {(00:05)} Bd7 {(19:04)} 16. Qd2 {
(15:11)} Rfd8 {(03:07)} 17. Rfd1 {(00:09)} Be8 {(
06:13)} 18. Qe3 {(06:42)} Rd6 {(03:25)} 19. Rd2 {(12:03)}
Rad8 {(07:27)} 20. Rcd1 {(01:23)} Na5 {(02:16)} 21. Ne5 {
(16:55)} Bc6 {(01:04)} 22. Rc1 {(04:24)} Bxe4 {(17:
10)} 23. Qxe4 {(00:32)} Nc6 {(00:06)} 24. Nxc6 {(01:41)}
bxc6 {(00:03)} 25. Rxc6 {(03:29)} Rxd4 {(00:12)} 26. Rxd4
{(00:15)} Rxd4 {(00:06)} 27. Rc8+ {(06:13)} Kg7 {(
00:10)} 28. Qe2 {(01:22)} h5 {(00:49)} 29. h3 {(01:09)} h4
{(01:56)} 30. Rc1 {(05:48)} a5 {(03:48)} 31. b3 {(
00:41)} e5 {(00:46)} 32. Rc5 {(03:00)} e4 {(01:47)} 33.
Rc4 {(00:31)} Rxc4 {(02:11)} 34. bxc4 {(01:54)} Qa1+ {
(00:21)} 35. Kh2 {(00:13)} Qe5+ {(00:04)} 36. Kg1 {
(00:06)} Qa1+ {(00:20)} 37. Kh2 {(00:07)} Qe5+ {(
00:05)} 38. Kg1 {(00:08)} Qd4 {(00:04)} 39. Qc2 {(02:46)}
Qa1+ {(04:08)} 40. Kh2 {(00:00)} Qe5+ {(00:00)} 41. Kg1 {
(00:27)} Qa1+ {(03:07)} 42. Kh2 {(00:16)} Qe5+ {(
01:15)} 43. Kg1 {(00:12)} Qa1+ {(00:04)} 44. Kh2 {(00:06)}
e3 1/2-1/2

[Event "42nd Olympiad Baku 2016 Women"]
[Site "Baku"]
[Date "2016.09.05"]
[Round "4.20"]
[White "Manar, Khalil"]
[Black "Tavares, Domingas"]
[Result "1/2-1/2"]
[ECO "C44"]
[WhiteElo "1725"]
[BlackElo "1563"]
[Annotator ""]
[PlyCount "80"]
[EventDate "2016.??.??"]
[EventCountry "AZE"]
[SourceTitle "playchess.com"]
[Source "ChessBase"]
[WhiteTeam "Syria"]
[BlackTeam "Angola"]
[WhiteTeamCountry "SYR"]
[BlackTeamCountry "ANG"]
[TimeControl "40/5400+30:1800+30"]

1. e4 {(00:00)} e5 {(00:00)} 2. Nf3 {(00:00)} Nc6 {
(00:06)} 3. d4 {(01:27)} d6 {(03:55)} 4. dxe5 {(05:
28)} Nxe5 {(00:36)} 5. Nxe5 {(01:42)} dxe5 {(00:07)} 6.
Qxd8+ {(01:07)} Kxd8 {(00:09)} 7. Bc4 {(01:04)} f6 {
(01:23)} 8. O-O {(00:59)} Bc5 {(00:45)} 9. Nc3 {(
04:05)} c6 {(00:44)} 10. Rd1+ {(03:05)} Ke7 {(00:36)} 11.
h3 {(03:11)} Be6 {(02:30)} 12. Bd3 {(02:26)} Rd8 {(
01:12)} 13. Na4 {(01:42)} Bb4 {(09:10)} 14. a3 {(02:51)}
Bd6 {(02:22)} 15. Be3 {(02:05)} b6 {(01:54)} 16. b4 {
(04:56)} Kf7 {(03:13)} 17. c4 {(02:47)} Bb8 {(06:
30)} 18. Rd2 {(09:25)} Ne7 {(01:50)} 19. Rad1 {(02:42)} h6
{(03:07)} 20. Nc3 {(04:22)} f5 {(07:07)} 21. f3 {(
04:24)} Rd7 {(05:35)} 22. exf5 {(03:00)} Bxf5 {(01:39)}
23. Bxf5 {(03:33)} Rxd2 {(00:11)} 24. Rxd2 {(00:39)} Nxf5
{(00:07)} 25. Bf2 {(00:16)} Ke6 {(04:29)} 26. Ne4 {
(05:01)} Nd6 {(06:22)} 27. Nxd6 {(06:28)} Bxd6 {(
00:07)} 28. Kf1 {(01:46)} Rb8 {(05:16)} 29. Ra2 {(06:49)}
Rd8 {(01:10)} 30. Ke2 {(00:57)} Bc7 {(03:14)} 31. Be3 {
(06:12)} Rd7 {(03:24)} 32. a4 {(03:14)} Bd6 {(06:
27)} 33. Rb2 {(03:05)} Bc7 {(06:37)} 34. Rc2 {(04:46)} Bd6
{(06:07)} 35. Bd2 {(01:15)} Be7 {(01:33)} 36. Bc3 {
(00:18)} Bd6 {(00:21)} 37. Ke3 {(00:34)} Bc7 {(00:
28)} 38. Ke4 {(00:36)} Rd1 {(00:42)} 39. b5 {(00:38)} c5 {
(00:37)} 40. Ke3 {(00:00)} Rd7 1/2-1/2

[Event "42nd Olympiad Baku 2016 Women"]
[Site "Baku"]
[Date "2016.09.05"]
[Round "4.22"]
[White "Marrero Lopez, Yaniet"]
[Black "Franco Valencia, Beatriz Irene"]
[Result "1-0"]
[ECO "B06"]
[WhiteElo "2281"]
[BlackElo "2183"]
[Annotator ""]
[PlyCount "99"]
[EventDate "2016.??.??"]
[EventCountry "AZE"]
[SourceTitle "playchess.com"]
[Source "ChessBase"]
[WhiteTeam "Cuba"]
[BlackTeam "Colombia"]
[WhiteTeamCountry "CUB"]
[BlackTeamCountry "COL"]
[TimeControl "40/5400+30:1800+30"]

1. e4 {(00:00)} g6 {(00:00)} 2. d4 {(00:00)} c6 {(
00:28)} 3. Nc3 {(00:08)} d5 {(00:25)} 4. h3 {(00:31)} Bg7
{(00:22)} 5. Nf3 {(00:12)} dxe4 {(00:19)} 6. Nxe4 {
(00:07)} Nd7 {(00:58)} 7. Bc4 {(01:05)} Ngf6 {(01:
02)} 8. Ng3 {(01:26)} O-O {(01:54)} 9. O-O {(01:28)} Qc7 {
(02:54)} 10. Re1 {(02:25)} e6 {(01:21)} 11. c3 {(
04:08)} c5 {(04:42)} 12. dxc5 {(09:05)} Nxc5 {(00:44)} 13.
Qe2 {(01:08)} a6 {(06:33)} 14. a4 {(04:31)} Bd7 {(
05:09)} 15. a5 {(02:41)} Rac8 {(04:50)} 16. Ne5 {(17:53)}
Nce4 {(13:52)} 17. Nxe4 {(09:36)} Qxe5 {(00:55)} 18. Nxf6+
{(02:48)} Qxf6 {(00:14)} 19. Be3 {(00:44)} Bc6 {(
08:45)} 20. Rac1 {(04:17)} Qf5 {(04:59)} 21. Bb6 {(02:05)}
Bh6 {(05:35)} 22. Rcd1 {(02:13)} Bf4 {(00:38)} 23. Qg4 {
(08:08)} Qxg4 {(00:20)} 24. hxg4 {(00:01)} Rfe8 {(
06:20)} 25. Bf1 {(06:30)} Bg5 {(03:05)} 26. Be2 {(02:29)}
Bd8 {(06:00)} 27. Bxd8 {(00:49)} Rexd8 {(00:06)} 28. c4 {
(00:07)} Ba4 {(01:55)} 29. b3 {(05:30)} Bc6 {(04:
46)} 30. b4 {(01:26)} Kf8 {(04:17)} 31. Rxd8+ {(05:12)}
Rxd8 {(00:03)} 32. b5 {(00:08)} axb5 {(00:23)} 33. cxb5 {
(00:01)} Bd5 {(00:08)} 34. Rc1 {(00:15)} Ra8 {(06:
13)} 35. a6 {(02:53)} bxa6 {(00:03)} 36. bxa6 {(00:06)}
Ke7 {(01:03)} 37. Rc7+ {(00:10)} Kf6 {(00:15)} 38. g5+ {
(00:51)} Kg7 {(02:46)} 39. a7 {(01:18)} Rd8 {(02:
18)} 40. f4 {(00:00)} Be4 {(00:00)} 41. Kf2 {(03:05)} Bd5
{(15:33)} 42. g4 {(01:26)} Bh1 {(02:35)} 43. Ke3 {(
00:13)} Bg2 {(01:30)} 44. Bd3 {(00:24)} Bd5 {(13:47)} 45.
Be4 {(00:14)} Bxe4 {(00:04)} 46. Kxe4 {(00:07)} h5 {
(00:07)} 47. gxh6+ {(00:09)} Kxh6 {(00:03)} 48. Rb7 {
(00:54)} f5+ {(01:04)} 49. Ke3 {(00:20)} Ra8 {(02:
21)} 50. g5+ {(00:11)} 1-0

[Event "42nd Olympiad Baku 2016 Women"]
[Site "Baku"]
[Date "2016.09.05"]
[Round "4.31"]
[White "Mbatha, Constance"]
[Black "Atabayeva, Gozel"]
[Result "0-1"]
[ECO "B13"]
[WhiteElo "1746"]
[BlackElo "2021"]
[Annotator ""]
[PlyCount "72"]
[EventDate "2016.??.??"]
[EventCountry "AZE"]
[SourceTitle "playchess.com"]
[Source "ChessBase"]
[WhiteTeam "Zambia"]
[BlackTeam "Turkmenistan"]
[WhiteTeamCountry "ZAM"]
[BlackTeamCountry "TKM"]
[TimeControl "40/5400+30:1800+30"]

1. d4 {(00:00)} Nf6 {(00:00)} 2. c4 {(00:00)} c5 {(
00:00)} 3. e3 {(00:19)} cxd4 {(00:35)} 4. exd4 {(00:08)}
d5 {(00:14)} 5. Nc3 {(00:52)} Nc6 {(01:29)} 6. Be3 {
(02:22)} g6 {(12:28)} 7. Nf3 {(06:45)} Bg7 {(03:45]
} 8. Be2 {(04:41)} O-O {(00:47)} 9. O-O {(00:03)} dxc4 {
(03:39)} 10. Bxc4 {(04:06)} Na5 {(02:52)} 11. Be2 {
(00:58)} Be6 {(03:56)} 12. b3 {(01:12)} Nd5 {(02:
38)} 13. Nxd5 {(05:47)} Bxd5 {(00:16)} 14. Rc1 {(00:09)}
Nc6 {(01:33)} 15. Qd2 {(02:19)} e6 {(07:22)} 16. Rfd1 {
(00:56)} Qd7 {(02:34)} 17. Ne1 {(11:17)} Rfd8 {(03:
23)} 18. Nc2 {(04:17)} Qe7 {(04:02)} 19. Qe1 {(02:33)}
Rac8 {(01:26)} 20. f3 {(02:43)} a6 {(01:34)} 21. Qf2 {
(01:18)} b5 {(02:27)} 22. Bd3 {(01:32)} f5 {(11:27]
} 23. f4 {(03:20)} Qb7 {(03:34)} 24. Be2 {(03:32)} Be4 {
(01:59)} 25. Bf3 {(00:43)} Ne7 {(00:42)} 26. Nb4 {(
24:33)} Bxf3 {(03:48)} 27. gxf3 {(03:13)} Nd5 {(00:54)}
28. Nxd5 {(01:06)} Qxd5 {(00:18)} 29. Kg2 {(00:18)} Qb7 {
(03:54)} 30. Qe2 {(04:21)} Qd5 {(03:56)} 31. Bf2 {(
00:39)} Bf6 {(01:28)} 32. Qe1 {(03:18)} Qd6 {(02:12)} 33.
Be3 {(02:32)} Kg7 {(01:35)} 34. Qf2 {(01:19)} Qd7 {
(02:09)} 35. Qb2 {(01:57)} Rxc1 {(00:41)} 36. Qxc1 {
(01:38)} Rc8 {(00:27)} 0-1

[Event "42nd Olympiad Baku 2016 Women"]
[Site "Baku"]
[Date "2016.09.05"]
[Round "4.14"]
[White "Mbo, Mabedi"]
[Black "Khamboo, Monalisa"]
[Result "0-1"]
[ECO "B22"]
[WhiteElo "1531"]
[BlackElo "1740"]
[Annotator ""]
[PlyCount "66"]
[EventDate "2016.??.??"]
[EventCountry "AZE"]
[SourceTitle "playchess.com"]
[Source "ChessBase"]
[WhiteTeam "Botswana"]
[BlackTeam "Nepal"]
[WhiteTeamCountry "BOT"]
[BlackTeamCountry "NEP"]
[TimeControl "40/5400+30:1800+30"]

1. e4 {(00:00)} c5 {(00:00)} 2. c3 {(00:00)} d6 {(
00:00)} 3. Bc4 {(00:56)} Nf6 {(00:19)} 4. d3 {(00:26)} e6
{(00:44)} 5. h3 {(00:07)} Be7 {(01:03)} 6. Nf3 {(
00:24)} O-O {(01:04)} 7. Bg5 {(00:07)} Nbd7 {(01:17)} 8.
O-O {(00:30)} Qc7 {(01:19)} 9. Qd2 {(02:50)} a6 {(
04:42)} 10. a3 {(01:33)} b5 {(14:10)} 11. Ba2 {(00:22)}
Bb7 {(02:27)} 12. Re1 {(00:28)} Rac8 {(06:49)} 13. Qf4 {
(01:21)} Nh5 {(09:20)} 14. Qg4 {(00:23)} Bxg5 {(05:
11)} 15. Nxg5 {(00:48)} Nhf6 {(00:44)} 16. Qd1 {(08:37)}
d5 {(06:01)} 17. d4 h6 {(03:23)} 18. e5 {(06:29)} hxg5 {
(02:57)} 19. exf6 {(00:05)} Nxf6 {(06:26)} 20. dxc5 {
(00:30)} Qxc5 {(00:26)} 21. Re5 {(01:26)} Ne4 {(02:
14)} 22. Qe2 {(05:43)} Qd6 {(01:36)} 23. Rxe4 {(01:06)}
dxe4 {(00:24)} 24. Nd2 {(00:16)} Qd3 {(06:51)} 25. Qe1 {
(04:15)} Rfd8 {(01:21)} 26. Rd1 {(00:14)} Qc2 {(02:
31)} 27. Bb1 {(08:43)} Qxb2 {(00:28)} 28. Kh2 {(00:26)}
Qxc3 {(01:52)} 29. Qe2 {(04:18)} Qxa3 {(02:02)} 30. Nxe4 {
(02:29)} Rxd1 {(01:37)} 31. Qxd1 {(00:15)} Qc1 {(
04:20)} 32. Qd7 {(03:03)} Bxe4 {(01:15)} 33. Bxe4 {(00:06]
} Qf4+ {(00:26)} 0-1

[Event "42nd Olympiad Baku 2016 Women"]
[Site "Baku"]
[Date "2016.09.05"]
[Round "4.35"]
[White "Melnik, Galina"]
[Black "Sakai, Azumi"]
[Result "1/2-1/2"]
[ECO "D24"]
[WhiteElo "1915"]
[BlackElo "1703"]
[Annotator ""]
[PlyCount "111"]
[EventDate "2016.??.??"]
[EventCountry "AZE"]
[SourceTitle "playchess.com"]
[Source "ChessBase"]
[WhiteTeam "IPCA"]
[BlackTeam "JPN"]
[WhiteTeamCountry "RUS"]
[BlackTeamCountry "JPN"]
[TimeControl "40/5400+30:1800+30"]

1. d4 {(00:00)} d5 {(00:00)} 2. Nf3 {(00:00)} Nf6 {
(00:00)} 3. c4 {(00:00)} dxc4 {(00:00)} 4. Nc3 {(
00:30)} a6 {(02:12)} 5. a4 {(00:46)} Nc6 {(00:32)} 6. e3 {
(03:37)} Na5 {(00:21)} 7. Ne5 {(04:05)} Be6 {(04:
02)} 8. Be2 {(11:03)} g6 {(01:05)} 9. O-O {(00:43)} Bg7 {
(00:40)} 10. Qc2 {(03:25)} O-O {(03:31)} 11. Bd2 {(
01:55)} c6 {(08:14)} 12. Bf3 {(06:05)} Qc7 {(07:34)} 13.
Ra3 {(03:51)} Rac8 {(04:10)} 14. Ne2 {(01:21)} Nd7 {
(15:21)} 15. Bxa5 {(04:22)} Qxa5 {(00:35)} 16. Nxc4 {
(00:45)} Qc7 {(06:38)} 17. Nf4 {(02:24)} Bxc4 {(02:
27)} 18. Qxc4 {(00:08)} e5 {(00:44)} 19. Nd3 {(05:26)}
exd4 {(01:52)} 20. exd4 {(00:03)} Nb6 {(01:47)} 21. Qc5 {
(01:53)} Rfd8 {(00:53)} 22. a5 {(03:26)} Na8 {(05:
38)} 23. Ra4 {(01:23)} Qd6 {(04:02)} 24. Qxd6 {(05:03)}
Rxd6 {(00:20)} 25. Nc5 Rxd4 {(07:19)} 26. Rxd4 {(08:32)}
Bxd4 {(00:11)} 27. Nxb7 {(01:18)} Bxb2 {(01:22)} 28. Rb1 {
(07:04)} Ba3 {(06:47)} 29. Be2 {(03:23)} Nc7 {(02:
15)} 30. Rb3 {(00:49)} Bf8 {(03:55)} 31. Rb6 {(01:05)} Rb8
{(00:52)} 32. Nd6 {(09:06)} Rxb6 {(01:49)} 33. axb6 {
(00:02)} Bxd6 {(01:03)} 34. bxc7 {(00:09)} Bxc7 {(
00:09)} 35. Bxa6 {(00:10)} Bd6 {(00:37)} 36. Kf1 {(00:28)}
h5 {(01:12)} 37. h3 {(00:08)} h4 {(00:15)} 38. Ke2 {
(00:12)} Kg7 {(00:39)} 39. Kf3 {(01:27)} g5 {(00:
47)} 40. Kg4 {(00:00)} f6 {(00:00)} 41. Kf5 {(03:59)} Be5
{(01:41)} 42. Ke6 {(02:39)} c5 {(00:56)} 43. Bb5 {(
02:23)} Bd4 {(01:43)} 44. f3 {(00:13)} Kf8 {(00:31)} 45.
Kd6 {(01:30)} Kf7 {(00:42)} 46. Bc6 {(03:10)} f5 {(
01:02)} 47. Bb5 {(02:02)} Kf6 {(00:14)} 48. Bc4 {(00:17)}
Be3 {(03:02)} 49. Bd3 {(01:18)} g4 {(02:24)} 50. fxg4 {
(00:45)} fxg4 {(00:11)} 51. hxg4 {(00:41)} Kg5 {(
00:16)} 52. Kd5 {(00:31)} Kxg4 {(00:19)} 53. Kc4 {(01:24)}
Kf4 {(00:23)} 54. Bc2 {(01:19)} Bd4 {(00:20)} 55. Ba4 {
(00:25)} Ke3 {(01:16)} 56. Bc6 {(00:10] Ke4} 1/2-1/2

[Event "42nd Olympiad Baku 2016 Women"]
[Site "Baku"]
[Date "2016.09.05"]
[Round "4.13"]
[White "Mena, Ailen Oriana"]
[Black "Faqeeh, Rahaf"]
[Result "1-0"]
[ECO "C05"]
[WhiteElo "1715"]
[BlackElo "1450"]
[Annotator ""]
[PlyCount "37"]
[EventDate "2016.??.??"]
[EventCountry "AZE"]
[SourceTitle "playchess.com"]
[Source "ChessBase"]
[WhiteTeam "Netherlands Antilles"]
[BlackTeam "Palestine"]
[WhiteTeamCountry "AHO"]
[BlackTeamCountry "PLE"]
[TimeControl "40/5400+30:1800+30"]

1. e4 {(00:00)} e6 {(00:00)} 2. d4 {(00:00)} d5 {(
00:00)} 3. Nd2 {(00:41)} Nf6 {(01:11)} 4. e5 {(00:43)}
Nfd7 {(00:10)} 5. c3 {(00:40)} c5 {(00:09)} 6. f4 {
(01:05)} Nc6 {(07:07)} 7. Ngf3 {(01:27)} Qb6 {(06:
08)} 8. Nb3 {(02:29)} c4 {(02:17)} 9. Nbd2 {(00:45)} Qc7 {
(03:04)} 10. g3 {(04:46)} Rb8 {(03:08)} 11. Bh3 {(
05:09)} Be7 {(05:15)} 12. O-O {(02:06)} Nf8 {(06:40)} 13.
Ne1 {(04:44)} h5 {(08:32)} 14. Ng2 {(03:13)} g5 {(
03:05)} 15. fxg5 {(01:13)} Bxg5 {(00:36)} 16. Nf3 {(00:54]
} Bd8 {(04:01)} 17. Ng5 {(04:15)} Bd7 {(04:10)} 18. Nxf7 {
(00:57)} Rh7 {(02:25)} 19. Nd6+ {(00:06)} 1-0

[Event "42nd Olympiad Baku 2016 Women"]
[Site "Baku"]
[Date "2016.09.05"]
[Round "4.9"]
[White "Mendieta, Kathya"]
[Black "Munoz, Alba"]
[Result "0-1"]
[ECO "B13"]
[WhiteElo "1943"]
[BlackElo "1704"]
[Annotator ""]
[PlyCount "106"]
[EventDate "2016.??.??"]
[EventCountry "AZE"]
[SourceTitle "playchess.com"]
[Source "ChessBase"]
[WhiteTeam "Nicaragua"]
[BlackTeam "Panama"]
[WhiteTeamCountry "NCA"]
[BlackTeamCountry "PAN"]
[TimeControl "40/5400+30:1800+30"]

1. e4 c6 {(00:00)} 2. d4 {(00:52)} d5 {(00:00)} 3. exd5 {
(02:00)} cxd5 {(00:00)} 4. Bd3 {(00:53)} Nc6 {(00:
12)} 5. c3 {(00:39)} Qc7 {(00:19)} 6. Nf3 {(00:43)} Bg4 {
(00:43)} 7. h3 {(01:20)} Bh5 {(00:40)} 8. Nbd2 {(
03:30)} Nf6 {(00:29)} 9. O-O {(01:14)} e6 {(00:22)} 10.
Re1 {(07:21)} Bd6 {(01:32)} 11. Qc2 {(03:02)} Rc8 {
(02:34)} 12. a3 {(15:22)} O-O {(00:30)} 13. Qa4 {(
10:06)} a6 {(01:13)} 14. b4 {(00:42)} Bg6 {(04:11)} 15.
Bxg6 {(03:05)} hxg6 {(00:05)} 16. Qd1 {(03:05)} Na7 {
(18:56)} 17. Bb2 {(02:07)} Nb5 {(01:18)} 18. Rc1 {(
00:42)} Bf4 {(02:39)} 19. c4 {(05:38)} dxc4 {(20:50)} 20.
Rxc4 {(00:13)} Qd7 {(00:38)} 21. a4 {(15:52)} Rxc4 {
(12:54)} 22. Nxc4 {(00:10)} Nd6 {(08:46)} 23. Nfe5 {
(01:58)} Qc7 {(01:25)} 24. Qb3 {(08:09)} Nxc4 {(03:
13)} 25. Nxc4 {(02:46)} Rc8 {(00:43)} 26. Ne3 {(00:56)}
Bxe3 {(02:42)} 27. Qxe3 {(01:30)} Nd5 {(00:35)} 28. Qa3 {
(03:39)} Qf4 {(03:14)} 29. Rd1 {(03:07)} Rc2 {(00:
51)} 30. Rf1 {(01:11)} Qd2 {(00:51)} 31. Bc1 {(00:43)}
Qxd4 {(01:16)} 32. b5 {(00:33)} Nc3 {(04:13)} 33. Be3 {
(00:54)} Qxa4 {(01:46)} 34. Qxa4 {(00:28)} Nxa4 {(
00:23)} 35. bxa6 {(00:06)} bxa6 {(00:26)} 36. Ra1 {(00:05]
} Rc4 {(01:25)} 37. Kf1 {(00:56)} Kf8 {(00:55)} 38. Ke1 {
(00:48)} Ke7 {(03:24)} 39. Kd2 {(00:09)} Kd7 {(00:
27)} 40. Ra2 {(00:00)} Kc6 {(00:00)} 41. Kd3 {(00:57)} Kb5
{(01:23)} 42. Bd4 {(02:42)} f6 {(01:11)} 43. f4 {(
00:40)} a5 {(07:24)} 44. g4 {(01:10)} Nc5+ {(00:44)} 45.
Ke3 {(00:20)} Nb3 {(01:10)} 46. Bb2 {(02:46)} Rc2 {
(02:44)} 47. Kd3 {(01:14)} Rh2 {(00:53)} 48. Kc3 {(
02:13)} Rxh3+ {(00:36)} 49. Kc2 {(00:01)} a4 {(00:39)} 50.
g5 {(00:39)} Rh2+ {(03:03)} 51. Kb1 {(01:42)} Nd2+ {
(03:14)} 52. Kc1 {(00:20)} Nc4 {(00:20)} 53. gxf6 {
(00:24)} gxf6 {(00:29)} 0-1